 Dungeon Crawl Stone Soup version 0.31-a0-431-g88bdf31460 (webtiles) character file.

Game seed: 16913769268201888176

376 Maxmaps the Trooper (level 6, -10/67 HPs)
             Began as an Octopode Shapeshifter on Aug 1, 2023.
             Mangled by Pikel
             ... wielding a +0 whip of electrocution
              (19 damage)
             ... on level 3 of the Dungeon.
             The game lasted 00:03:39 (2958 turns).

Maxmaps the Trooper (Octopode Shapeshifter)         Turns: 2958, Time: 00:03:39

Health: -10/67     AC: 27    Str: 14    XL:     6   Next: 73%
Magic:  6/6        EV:  2    Int: 12    God:
Gold:   185        SH:  0    Dex: 13    Spells: 5/5 levels left

rFire   . .          .
                       - Unarmed
rCold   . . .        (no shield)
rNeg    . . .        (helmet currently unavailable)
rPois   +            (no amulet)
rElec   .            q - +5 ring of evasion
rCorr   .            o - +4 ring of protection
SInv    .            (no ring)
Will    .....        (no ring)
Stlth   ++           (no ring)
HPRegen 0.31/turn    (no ring)
MPRegen 0.10/turn    (no ring)
                     (no ring)

%: no passive effects
@: tree-form
A: stationary, stasis, torment immunity, boosted hp, almost no armour,
(amphibious), 8 rings, (camouflage 1), (gelatinous body 1), (nimble swimmer 1),
(tentacles)
a: no special abilities


You were on level 3 of the Dungeon.
You were a tree.
You visited 1 branch of the dungeon, and saw 4 of its levels.

You collected 185 gold pieces.

Inventory:

Jewellery
 o - a +4 ring of protection (right branch)
 q - a +5 ring of evasion (left branch)
Talismans
 b - a beast talisman
 m - a dragon-blood talisman
Wands
 p - a wand of polymorph (14)
Scrolls
 c - 4 scrolls of fear {unknown}
 d - 2 scrolls of identify {unknown}
 e - a scroll of amnesia {unknown}
 g - a scroll of brand weapon {unknown}
 k - a scroll of poison {unknown}
 l - a scroll of teleportation {unknown}
Potions
 a - 2 potions of lignification
 f - a potion of attraction {unknown}
 h - a potion of mutation {unknown}
 i - a potion of heal wounds {unknown}
 j - a potion of might {unknown}
 n - 2 potions of cancellation {unknown}


   Skills:
 + Level 5.0 Fighting
 - Level 4.4 Dodging
 - Level 2.0 Stealth
 - Level 3.0 Unarmed Combat
 - Level 3.0 Shapeshifting


You had 5 spell levels left.
You didn't know any spells.
Your spell library contained the following spells:

 Spells                   Type           Power      Damage    Failure   Level
 Gell's Gravitas          Tloc           0%         N/A       69%         3
 Teleport Other           Tloc           0%         N/A       69%         3
 Dispersal                Tloc           0%         N/A       100%        6


Dungeon Overview and Level Annotations

Branches:
Dungeon (4/15)
 Temple: D:4-7

Altars:
Elyvilon
Uskayaw

Annotations:
D:3 Pikel


Innate Abilities, Weirdness & Mutations

You are a tree.
Your roots penetrate the ground, keeping you stationary.
You cannot be teleported.
You are immune to unholy pain and torment.
Your maximum health is greatly increased.
You cannot wear most types of armour.
((You are amphibious.))
You can wear up to eight rings at the same time.
((Your skin changes colour to match your surroundings (Stealth+).))
((Your rubbery body absorbs attacks. (AC +1, EV +1)))
((You are camouflaged when in or above water. (Stealth+)))
((You have tentacles for arms and can constrict up to eight enemies at once.))


Message History

You squeeze the lemure, but do no damage.
The lemure is almost dead.
You constrict the lemure. The lemure barely misses you.
The lemure closely misses you.
You tentacle-slap the lemure.
You kill the lemure!
That felt strangely unrewarding.
The lemure barely misses you.
You barely miss Pikel. Your grab misses Pikel. You squeeze Pikel!
Pikel is moderately wounded.
The lemure barely misses you. Pikel misses you.
Okay, then.
Really quaff the potion of lignification?
Your transformation has ended.
You turn into a tree.
Your roots penetrate the ground.
The lemure hits you but does no damage. Pikel hits you but does no damage.
Unknown command.
You hit Pikel.
Pikel is heavily wounded.
The lemure hits you but does no damage. Pikel hits you but does no damage.
You barely miss Pikel.
Pikel is heavily wounded.
The lemure hits you but does no damage. Pikel barely misses you.
You hit Pikel.
Pikel is heavily wounded.
The lemure hits you but does no damage. Pikel hits you but does no damage.
You are electrocuted!!
* * * LOW HITPOINT WARNING * * *
You hit Pikel.
Pikel is severely wounded.
The lemure hits you but does no damage. Pikel barely misses you.
You hit Pikel but do no damage.
Pikel is severely wounded.
The lemure hits you but does no damage. Pikel hits you but does no damage.
You are electrocuted!
* * * LOW HITPOINT WARNING * * *
You barely miss Pikel.
Pikel is severely wounded.
The lemure hits you but does no damage. Pikel hits you but does no damage.
You are electrocuted!!
You die...

##### ....#
###.##############
...............K♣#
###.############5#
..#+############.########
.............#..........#
##...........#.#.######.#
.+...........#.#.# #.#
##...........#.#.# #.#
...............#.# #.#
###############..### #.#


You could see Pikel and a lemure.

Vanquished Creatures
  Sigmund (D:2)
  A lemure (D:3)
  2 orc priests (D:3)
  2 orc wizards (D:3)
  Robin (D:2)
  2 adders (D:2)
  2 worms (D:2)
  3 dart slugs
  2 orcs (D:3)
  7 ball pythons
  4 endoplasms
  2 giant cockroaches
  14 goblins
  8 hobgoblins
  5 jackals
  A kobold (D:1)
  3 quokkas
  7 bats
  2 frilled lizards
  7 rats
76 creatures vanquished.

Notes
Turn   | Place    | Note
-------+----------+-------------------------------------------
     0 | D:1      | Maxmaps the Octopode Shapeshifter began the quest for the
                  | Orb.
     0 | D:1      | Reached XP level 1. HP: 13/13 MP: 1/1
    18 | D:1      | Reached skill level 1 in Stealth
   135 | D:1      | Reached XP level 2. HP: 18/18 MP: 2/2
   401 | D:1      | Reached skill level 2 in Fighting
   639 | D:1      | Reached XP level 3. HP: 23/24 MP: 3/3
   841 | D:2      | Found a hide-covered altar of Uskayaw.
   852 | D:2      | Noticed Sigmund
   863 | D:2      | Killed Sigmund
   864 | D:2      | Reached skill level 3 in Fighting
   864 | D:2      | Reached XP level 4. HP: 22/31 MP: 4/4
   864 | D:2      | Reached XP level 5. HP: 25/36 MP: 5/5
  1107 | D:2      | Noticed Robin
  1114 | D:2      | Killed Robin
  1206 | D:2      | Reached XP level 6. HP: 39/42 MP: 6/6
  2139 | D:3      | Reached skill level 4 in Fighting
  2869 | D:4      | Reached skill level 5 in Fighting
  2887 | D:4      | Found a white marble altar of Elyvilon.
  2937 | D:4      | Noticed Pikel
  2958 | D:3      | Mangled by Pikel

Illustrated notes

Levels and vault maps discovered:
D:1:      eino_arrival_water_star, layout_basic, minivault_4
D:2:      layout_basic, basic_altar, dk_noncrumbling_4, minmay_tetromino_l2,
          uniq_sigmund, uniq_robin
D:3:      layout_basic
D:4:      layout_cave_pods, kennysheep_mini_moat, minmay_temple_entry_wispy,
          ebering_ghost_rock_garden, uniq_pikel, uniq_blork_the_orc

Skill      XL: |  1  2  3  4  5  6 |
---------------+-------------------+-----
Stealth        | 2 |  2.0
Fighting       | 2 3 5 |  5.0
Dodging        | 4 |  4.4
Unarmed Combat | |  3.0
Shapeshifting  | |  3.0

Action                     |  1- 3 |  4- 6 || total
---------------------------+-------+-------++-------
  Melee: Unarmed           |    43 |   104 ||   147
         Constrict         |    11 |    26 ||    37
         Tentacles         |     9 |    16 ||    25
         Punch             |       |     6 ||     6
    Use: Potion            |       |     1 ||     1
   Stab: Sleeping          |     6 |    10 ||    16
         Distracted        |     1 |       ||     1
 Armour: Skin              |     5 |    20 ||    25
  Dodge: Dodged            |    19 |    65 ||    84

Table legend: (Time is in decaauts)
 A = Elapsed time spent in this place.
 B = Non-inter-level travel time spent in this place.
 C = Inter-level travel time spent in this place.
 D = Time resting spent in this place.
 E = Time spent auto-exploring this place.
 F = Levels seen in this place.
 G = Mean time per level.
                   A        B        C        D        E       F      G
               +--------+--------+--------+--------+--------+-----+--------+
         Total |   2951 |   2805 |    146 |    106 |   2254 |   4 |  737.8 |
       Dungeon |   2951 |   2805 |    146 |    106 |   2254 |   4 |  737.8 |
               +--------+--------+--------+--------+--------+-----+--------+

Top non-repeatable levels by time:
     D:2: 1171 daAuts
     D:3: 901 daAuts
     D:1: 800 daAuts
     D:4: 77 daAuts
